 Dungeon Crawl Stone Soup version 0.31.0-11-ge490571c62 (webtiles) character file.

Game seed: 17949270753174510245

21 solopath the Ruffian (level 2, 0/21 HPs)
             Began as a Demonspawn Shapeshifter on Feb 3, 2024.
             Succumbed to an adder's poison
             ... on level 2 of the Dungeon.
             The game lasted 00:00:42 (529 turns).

solopath the Ruffian (Demonspawn Shapeshifter)       Turns: 529, Time: 00:00:43

Health: 0/21       AC:  2    Str: 14    XL:     2   Next: 62%
Magic:  2/2        EV: 12    Int: 10    God:
Gold:   10         SH:  0    Dex: 12    Spells: 1/1 levels left

rFire   . .          .
                       - Unarmed
rCold   . . .        (no shield)
rNeg    . . .        a - +0 animal skin
rPois   .            (helmet currently unavailable)
rElec   .            (cloak currently unavailable)
rCorr   .            (gloves currently unavailable)
SInv    .            (boots currently unavailable)
Will    .....        (no amulet)
Stlth   +            (no ring)
HPRegen 0.23/turn    (no ring)
MPRegen 0.08/turn

%: no passive effects
@: lethally poisoned (0 -> -2), beast-form
A: beast (slay +1), demonic magic 1
a: Begin Untransformation


You were on level 2 of the Dungeon.
You were a hulking beast.
You visited 1 branch of the dungeon, and saw 2 of its levels.

You collected 10 gold pieces.

Inventory:

Armour
 a - a +0 animal skin (worn)
Talismans
 c - a beast talisman
 d - a flux talisman
Scrolls
 g - a scroll of enchant weapon {unknown}
 h - a scroll of teleportation {unknown}
 i - a scroll of identify {unknown}
Potions
 b - 3 potions of lignification
 e - a potion of degeneration {unknown}
 f - a potion of berserk rage {unknown}
 j - a potion of invisibility {unknown}
 k - a potion of might {unknown}
 l - a potion of attraction {unknown}


   Skills:
 - Level 1.0 Fighting
 - Level 1.7 Dodging
 * Level 3.3 Unarmed Combat
 + Level 3.0 Shapeshifting


You had one spell level left.
You didn't know any spells.
Your spell library contained the following spells:

 Spells                   Type           Power      Damage    Failure   Level
 Blink                    Tloc           0%         N/A       50%         2
 Lesser Beckoning         Tloc           0%         N/A       50%         2
 Momentum Strike          Conj/Tloc      0%         3d8       50%         2
 Hailstorm                Conj/Ice       0%         3d5       75%         3
 Summon Ice Beast         Ice/Summ       0%         N/A       75%         3
 Sculpt Simulacrum        Ice/Alch       0%         N/A       100%        6


Dungeon Overview and Level Annotations

Branches:
Dungeon (2/15)

Altars:


Innate Abilities, Weirdness & Mutations

You are a hulking beast.
Your limbs bulge with bestial killing power. (Slay +1)
Spells you cast may paralyse adjacent enemies.


Message History

You miss the adder.
The adder is moderately wounded.
The adder bites you.
You are poisoned.
The adder poisons you! The frilled lizard barely misses you.
You hit the adder.
The adder is severely wounded.
You feel sick. The adder completely misses you.
The frilled lizard barely misses you. The adder barely misses you.
You closely miss the adder.
The adder is severely wounded.
You feel sick. The frilled lizard bites you. The adder barely misses you.
You are too injured to fight recklessly!
You are too injured to fight recklessly!
You are too injured to fight recklessly!
You are too injured to fight recklessly!
You are too injured to fight recklessly!
You are too injured to fight recklessly!
You are too injured to fight recklessly!
You are too injured to fight recklessly!
You are too injured to fight recklessly!
You are too injured to fight recklessly!
You are too injured to fight recklessly!
Unknown command.
You hit the adder.
The adder is severely wounded.
You feel sick. The adder misses you. The frilled lizard barely misses you.
You closely miss the adder.
The adder is severely wounded.
You feel sick. The adder barely misses you. The frilled lizard bites you.
* * * LOW HITPOINT WARNING * * *
You hit the adder.
The adder is almost dead.
You feel sick. The adder bites you.
* * * LOW HITPOINT WARNING * * *
The frilled lizard closely misses you. The adder bites you.
* * * LOW HITPOINT WARNING * * *
You hit the adder.
You kill the adder!
You die...

#.# #.# #.# ##++#
#.# ##§§.≈# #.#
#§§§.≈≈## #.#
≈§≈≈.≈≈≈#######.###
..≈.≈...'..##.<.).#
.?.≈.≈lh'.....†...#
≈≈≈.≈§≈§#####.....#
#≈≈..§§## #.....#
##≈..§# #.....#
##++# ##.#### #.#
#.# #.#


You could see a frilled lizard.

Vanquished Creatures
  An adder (D:2)
  A dart slug (D:1)
  A giant cockroach (D:1)
  2 goblins
  2 hobgoblins (D:1)
  2 kobolds (D:1)
  A quokka (D:1)
  3 ball pythons (D:1)
  2 bats
  2 frilled lizards (D:1)
  2 rats (D:1)
19 creatures vanquished.

Notes
Turn   | Place    | Note
-------+----------+-------------------------------------------
     0 | D:1      | solopath the Demonspawn Shapeshifter began the quest for
                  | the Orb.
     0 | D:1      | Reached XP level 1. HP: 15/15 MP: 1/1
    81 | D:1      | Gained mutation: Spells you cast may paralyse adjacent
                  | enemies. [demonic ancestry]
    81 | D:1      | Reached XP level 2. HP: 14/21 MP: 2/2
   528 | D:2      | HP: 1/21 [adder (2)]
   529 | D:2      | Succumbed to an adder's poison

Illustrated notes

Levels and vault maps discovered:
D:1:      minmay_arrival_cross, layout_rooms, minmay_pentomino_u2
D:2:      layout_loops_ring, dreamdust_ecumenical_altar_drowned_temple,
          kennysheep_generic_room_3

Skill      XL: |  1  2 |
---------------+-------+-----
Unarmed Combat | 3 |  3.3
Shapeshifting  | 3 |  3.0
Fighting       | |  1.0
Dodging        | |  1.7

Action                     || total
---------------------------++-------
  Melee: Unarmed           ||    54
         Punch             ||     1
 Armour: Animal skin       ||    31
  Dodge: Dodged            ||    35
